 Seeded DCSS version 0.30.1-11-g7821555f0a (webtiles) character file.

Game seed: 16090307882996012164 (custom seed)

99 thriggle the Trooper (level 4, -6/38 HPs)
             Began as a Barachi Monk on Jan 5, 2024.
             Was a Believer of Uskayaw.
             Mangled by a gnoll
             ... wielding a +0 whip
              (7 damage)
             ... on level 2 of the Dungeon.
             The game lasted 00:06:11 (1270 turns).

thriggle the Trooper (Barachi Monk)                 Turns: 1270, Time: 00:06:11

Health: -6/38      AC:  2    Str: 14    XL:     4   Next: 72%
Magic:  2/4        EV: 13    Int: 11    God:    Uskayaw [**....]
Gold:   133        SH:  0    Dex: 14    Spells: 3/3 levels left

rFire   . . .        a - +0 spear
rCold   . . .        d - orb {light}
rNeg    . . .        b - +0 robe
rPois   .            (no helmet)
rElec   .            (no cloak)
rCorr   .            (no gloves)
SInv    .            (no boots)
Will    .....        (no amulet)
Stlth   +            (no ring)
HPRegen 0.26/turn    (no ring)
MPRegen 0.09/turn

%: no passive effects
@: unable to hop, glowing, slow
A: amphibious, slowness 1, strong legs 1, +LOS
a: Hop, Renounce Religion, Stomp, Line Pass


You were on level 2 of the Dungeon.
You worshipped Uskayaw.
Uskayaw was noncommittal.
You visited 1 branch of the dungeon, and saw 3 of its levels.

You collected 133 gold pieces.

Inventory:

Hand Weapons
 a - a +0 spear (weapon)
Armour
 b - a +0 robe (worn)
 d - an orb of light (worn)
Scrolls
 h - a scroll of identify {unknown}
 j - 2 scrolls of teleportation {unknown}
 k - a scroll of poison {unknown}
 l - a scroll of vulnerability {unknown}
 n - 2 scrolls of amnesia {unknown}
Potions
 c - 2 potions of ambrosia
 e - 4 potions of mutation {unknown}
 f - a potion of might {unknown}
 g - 2 potions of attraction {unknown}
 i - 2 potions of degeneration {unknown}
 m - a potion of curing {unknown}


   Skills:
 + Level 4.3 Fighting
 + Level 3.6 Polearms
 + Level 1.6 Armour
 + Level 3.9 Dodging
 + Level 1.3 Stealth
 + Level 0.7 Invocations


You had 3 spell levels left.
You didn't know any spells.
Your spell library was empty.

Dungeon Overview and Level Annotations

Branches:
Dungeon (3/15)

Altars:
Uskayaw

Annotations:
D:2 Jessica


Innate Abilities, Weirdness & Mutations

You are amphibious.
You cover ground slowly.
You can hop short distances.
You have an extended range of vision and can be seen from far away.


Message History

You barely miss the gnoll.
The gnoll is heavily wounded.
The gnoll barely misses you. The gnoll closely misses you.
Okay, then.
Hop to where?
Press: ? - help, Dir - move target Boing!
Reach: a) +0 spear
Press: ? - help, Dir - move target, f - you
Okay, then.
You see here a rat corpse.
Jessica shouts, "I don't like beings like you!"
Reach: a) +0 spear
Press: ? - help, Dir - move target, f - you
Okay, then.
Reach: a) +0 spear
Press: ? - help, Dir - move target, f - gnoll
Aim: a gnoll, wielding a +0 club (heavily wounded, haloed, about 16% to evade your +0 spear)
You reach to attack!
You hit the gnoll.
The gnoll is severely wounded.
You hit the gnoll but do no damage.
The gnoll is severely wounded.
The gnoll hits you with a +0 club.
* * * LOW HITPOINT WARNING * * *
The gnoll misses you.
Jessica mumbles some strange words.
Jessica blinks!
Okay, then.
You hit the gnoll.
You kill the gnoll!
You can now pass through a line of other dancers.
You hit the gnoll.
The gnoll is almost dead.
The gnoll hits you with a +0 whip!
* * * LOW HITPOINT WARNING * * *
Okay, then.
You hit the gnoll but do no damage.
The gnoll is almost dead.
The gnoll hits you with a +0 whip!
You die...

§. #....# #.###....# #######
#..#..... #.....# .#.[#....#
#.....# ......##.## #.....#
..........############.....# ####
#...................##.....###...
#...........@†.g.##.##.....#<..##
#........######)@............####
#####....... ###................
### #.####### ##..#......##†##.
..##..# .....#......##....
..##.## ##.......#####..... ..##.
...............#### ..#..
.................# # .....
.......##........### ..#.#
........##..........#


You could see a gnoll and Jessica.

Vanquished Creatures
  A gnoll (D:2)
  4 adders (D:2)
  A worm (D:2)
  4 dart slugs
  5 bats
  2 endoplasms (D:1)
  A giant cockroach (D:1)
  3 goblins
  3 hobgoblins
  5 kobolds
  4 quokkas
  5 ball pythons
  3 frilled lizards (D:1)
  5 rats
46 creatures vanquished.

Notes
Turn   | Place    | Note
-------+----------+-------------------------------------------
     0 | D:1      | thriggle the Barachi Monk began the quest for the Orb.
     0 | D:1      | Reached XP level 1. HP: 18/18 MP: 1/1
    58 | D:1      | Reached XP level 2. HP: 22/25 MP: 2/2
   398 | D:1      | Reached skill level 4 in Fighting
   441 | D:1      | Reached XP level 3. HP: 30/30 MP: 3/3
   478 | D:1      | Found a faded altar of an unknown god.
   481 | D:1      | Prayed at the altar of an unknown god.
   481 | D:1      | Became a worshipper of Uskayaw the Reveller
   481 | D:1      | Reached * piety under Uskayaw
   481 | D:1      | Reached ** piety under Uskayaw
   884 | D:2      | Reached skill level 1 in Armour
   886 | D:2      | You fall into a shaft and drop 1 floor!
   906 | D:2      | Reached skill level 1 in Stealth
   980 | D:2      | Reached XP level 4. HP: 37/37 MP: 4/4
  1006 | D:2      | Reached *** piety under Uskayaw
  1248 | D:2      | Noticed Jessica
  1269 | D:2      | HP: 1/38 [gnoll/+0 whip (10)]
  1270 | D:2      | Mangled by a gnoll

Illustrated notes

Levels and vault maps discovered:
D:1:      onia_arrival_handbag, layout_basic,
          hellmonk_ecumenical_altar_defaced_shrine, minmay_misc_feat_alley
D:2:      layout_rooms, st_stairs_9, minmay_unequal, uniq_jessica
D:3:      layout_rooms

Skill      XL: |  1  2  3 |
---------------+----------+-----
Fighting       | 4 |  4.3
Armour         | 1 |  1.6
Stealth        | 1 |  1.3
Polearms       | |  3.6
Dodging        | |  3.9
Invocations    | |  0.7

Action                     |  1- 3 |  4- 6 || total
---------------------------+-------+-------++-------
  Melee: Spear             |   115 |    60 ||   175
 Invoke: Stomp             |     2 |     1 ||     3
Ability: Hop               |       |     1 ||     1
 Armour: Robe              |    20 |     5 ||    25
  Dodge: Dodged            |    60 |    27 ||    87
